 Dungeon Crawl Stone Soup version 0.27.1-34-g3ba077fa99 (webtiles) character file.

Game seed: 2918221409156509825

71 cbfl8 the Digger (level 4, 0/36 HPs)
             Began as a Minotaur Wanderer on Jan 18, 2022.
             Slain by a goblin (5 damage)
             ... led by Robin
             ... on level 2 of the Dungeon.
             The game lasted 00:06:13 (3164 turns).

cbfl8 the Digger (Minotaur Wanderer)                Turns: 3164, Time: 00:06:13

Health: 0/36       AC:  6    Str: 17    XL:     4   Next: 5%
Magic:  4/4        EV:  7    Int: 10    God:
Gold:   32         SH:  8    Dex:  9    Spells: 5/5 levels left

rFire    + . .     SeeInvis .   j - +0 hand axe
rCold    . . .     Faith    .   b - +0 kite shield
rNeg     . . .     Spirit   .   h - +0 scale mail
rPois    .         Reflect  .   (helmet restricted)
rElec    .         Harm     .   (no cloak)
rCorr    .         Rampage  .   (no gloves)
Will     .....                  (no boots)
Stlth    ..........             (no amulet)
HPRegen  0.12/turn              f - ring of protection from fire
MPRegen  0.09/turn              (no ring)

@: no status effects
A: horns 2, retaliatory headbutt
a: no special abilities


You were on level 2 of the Dungeon.
You visited 1 branch of the dungeon, and saw 3 of its levels.

You collected 32 gold pieces.

Inventory:

Hand Weapons
 a - a +0 mace
 j - a +0 hand axe (weapon)
Armour
 b - a +0 kite shield (worn)
 c - a +0 robe
 h - a +0 scale mail (worn)
Jewellery
 f - a ring of protection from fire (left hand)
Scrolls
 i - 2 scrolls of blinking


   Skills:
 + Level 1.7 Fighting
 + Level 0.2(1.2) Axes
 + Level 1.9 Maces & Flails
 + Level 2.0 Armour
 + Level 0.5 Dodging
 + Level 3.1 Shields
 + Level 1.1 Spellcasting
 + Level 1.0 Air Magic
 + Level 3.1 Earth Magic


You had 5 spell levels left.
You didn't know any spells.
Your spell library contained the following spells:

 Spells                   Type           Power      Damage    Failure   Level
 Animate Skeleton         Necr           0%         N/A       99%         1
 Vampiric Draining        Necr           0%         2d6       100%        3
 Petrify                  Tmut/Erth      3%         N/A       100%        4
 Metabolic Englaciation   Hex/Ice        0%         N/A       100%        5
 Statue Form              Tmut/Erth      2%         N/A       100%        6


Dungeon Overview and Level Annotations

Branches:
Dungeon (3/15)

Altars:
Gozag
Xom
Zin

Shops:
D:2 [

Annotations:
D:2 Sigmund


Innate Abilities, Weirdness & Mutations

You have a pair of horns on your head.
You reflexively headbutt those who attack you in melee.


Message History

You hit Robin but do no damage. You headbutt Robin!
Robin is heavily wounded.
Your scale mail prevents you from hitting the goblin.
You closely miss the hobgoblin. You barely miss the hobgoblin.
Your bat barely misses the hobgoblin.
The hobgoblin hits you but does no damage.
Robin hits you but does no damage.
Your bat hits the goblin. The goblin hits you but does no damage.
You block the hobgoblin's attack.
You hit Robin.
Robin is severely wounded.
You hit the hobgoblin.
You kill the hobgoblin!
You closely miss the goblin. You barely miss the goblin.
You closely miss the hobgoblin.
Your bat barely misses the goblin.
The hobgoblin closely misses you. Robin throws the goblin at you!
The goblin barely misses you. x2; You furiously retaliate!
You headbutt the goblin. The hobgoblin barely misses you.
Robin hits you with a +0 club.
* * * LOW HITPOINT WARNING * * *
You block the goblin's attack. The hobgoblin barely misses you.
The goblin hits you but does no damage. x2
You barely miss the hobgoblin. You headbutt the hobgoblin.
The hobgoblin is almost dead.
You hit the goblin. You hit Robin. You barely miss the hobgoblin.
You closely miss the goblin. x2
The goblin no longer looks unusually strong.
Your bat misses the goblin. Your bat hits the goblin.
You block the hobgoblin's attack. The goblin hits you but does no damage.
The hobgoblin hits you.
* * * LOW HITPOINT WARNING * * *
The goblin hits you but does no damage. x2
Your shield prevents you from hitting the hobgoblin.
The hobgoblin is almost dead.
You hit the goblin but do no damage. You hit Robin.
You kill Robin!
You closely miss the hobgoblin. You closely miss the goblin. x2
The goblin no longer looks unusually strong. x2
Your bat closely misses the hobgoblin.
You block the hobgoblin's attack. x2
The goblin hits you with a +0 dagger.
You die...

#.......<........
#......#####.....
#.......## ...
#§§...... .
#..gg§§# #.b§§§§#
#.g§>§g# #..§gg)#
#...gg@#
#.)..ggg......
#......####...
#.....b# #......#
#......# ##.....#
#.....#


You could see 2 hobgoblins, 6 goblins and a friendly bat (summoned).

Vanquished Creatures
  Robin (D:2)
  A gnoll (D:1)
  4 dart slugs
  An orc (D:3)
  6 bats
  4 endoplasms (D:1)
  A giant cockroach (D:1)
  A goblin (D:2)
  6 hobgoblins
  6 jackals (D:3)
  3 quokkas
  5 ball pythons (D:1)
  3 frilled lizards
  3 kobolds (D:1)
  6 rats (D:1)
51 creatures vanquished.

Vanquished Creatures (others)
  3 plants (D:1)
3 creatures vanquished.

Grand Total: 54 creatures vanquished

Notes
Turn   | Place    | Note
-------+----------+-------------------------------------------
     0 | D:1      | cbfl8 the Minotaur Wanderer began the quest for the Orb.
     0 | D:1      | cbfl8 set off with the following items: a +0 mace, a +0
                  | kite shield, a +0 robe; and the following spell memorised:
                  | Animate Skeleton; and the following spells available to
                  | memorise: Vampiric Draining
     0 | D:1      | Reached XP level 1. HP: 16/16 MP: 1/1
   340 | D:1      | Reached XP level 2. HP: 7/23 MP: 2/2
  1395 | D:1      | Reached XP level 3. HP: 16/28 MP: 3/3
  2662 | D:2      | Noticed Sigmund
  2784 | D:2      | Found Zeddimai's Antique Armour Shoppe.
  2896 | D:3      | Found a glowing silver altar of Zin.
  2896 | D:3      | Found an opulent altar of Gozag.
  3141 | D:3      | Found a shimmering altar of Xom.
  3154 | D:2      | Noticed Robin
  3158 | D:2      | Reached XP level 4. HP: 12/36 MP: 4/4
  3164 | D:2      | Killed Robin
  3164 | D:2      | Slain by a goblin

Illustrated notes

Levels and vault maps discovered:
D:1:      minmay_arrival_statue_studded, layout_basic, serial_forest,
          infiniplex_forest_clump_small, infiniplex_forest_clump_C,
          infiniplex_forest_lined_4_way, infiniplex_forest_lined_room_3,
          infiniplex_forest_end_2, infiniplex_forest_straight_4,
          infiniplex_forest_end_1, infiniplex_forest_lined_2,
          infiniplex_forest_clump_long, infiniplex_forest_clump_diagonal,
          minmay_misc_feat_columns, hex_intersection, minmay_close_crescents
D:2:      layout_rooms, basic_altar, serial_shops, shop, shop,
          nicolae_shop_waterfront, shop, minmay_quadrilaterals,
          uniq_crazy_yiuf_cottage, uniq_robin, uniq_sigmund
D:3:      layout_rooms, grunt_temple_overflow_gold_and_silver, led_sif_book,
          mainiacjoe_overflow_small_starburst

Skill      XL: |  1  2  3 |
---------------+----------+-----
Earth Magic    | 3 |  3.1
Shields        | 3 |  3.1
Armour         | 2 |  2.0
Fighting       | |  1.7
Axes           | |  0.2
Maces & Flails | |  1.9
Dodging        | |  0.5
Spellcasting   | |  1.1
Air Magic      | |  1.0

Action                   |  1- 3 |  4- 6 || total
-------------------------+-------+-------++-------
Melee: Mace              |    99 |       ||    99
       Headbutt          |    14 |     2 ||    16
       Hand axe          |     3 |     6 ||     9
  Use: Potion            |     4 |       ||     4
       Scroll            |     3 |     1 ||     4
Armor: Robe              |     3 |       ||     3
       Scale mail        |   103 |    14 ||   117
Dodge: Dodged            |    83 |     6 ||    89
Block: Kite shield       |    95 |     6 ||   101
